 Dungeon Sprint DCSS version 0.19-a0-1532-g228a5d9 (webtiles) character file.

3558 poirepourri the Unseen (level 9, -6/39 HPs)
             Began as a Spriggan Enchanter on Sept 13, 2016.
             Was a High Priest of Dithmenos.
             Mangled by Agnes
             ... wielding a +0 lajatang
              (9 damage)
             ... in the Dungeon (Sprint IV: "Fedhas' Mad Dash").
             The game lasted 00:04:31 (1792 turns).

poirepourri the Unseen (Spriggan Enchanter)         Turns: 1792, Time: 00:04:31

Health: -6/39      AC:  3    Str:  4    XL:     9   Next: 83%
Magic:  16/25      EV: 30    Int: 18    God:    Dithmenos [*****.]
Gold:   200        SH:  0    Dex: 18    Spells: 7 memorised, 12 levels left

rFire  . . .     SeeInvis +     a - +1 dagger
rCold  . . .     Gourm    .     b - +1 robe
rNeg   . . .     Faith    .     (shield restricted)
rPois  .         Spirit   .     (helmet restricted)
rElec  .         Dismiss  .     (no cloak)
rCorr  .         Reflect  .     (gloves unavailable)
MR     +....     Harm     .     (boots unavailable)
Stlth  ++++++++++ NoTele   +    k - amulet of invisibility {+Inv}
                                (no ring)
                                (no ring)

@: hasted, wreathed by umbra, very quick
A: unfitting armour, see invisible, herbivore 3, speed 3, slow metabolism 2
a: Shadow Step, Shadow Form, Renounce Religion, Evoke Invisibility


You were in the Dungeon.
You worshipped Dithmenos.
Dithmenos was extremely pleased with you.
You were full.

You visited 1 branch You collected 200 gold pieces.

Inventory:

Hand Weapons
 a - a +1 dagger (weapon)
 e - a +0 shortbow of freezing
Armour
 b - a +1 robe (worn)
Rods
 n - a +3 rod of clouds (10/10)
   (You found it in the Dungeon)
Jewellery
 k - the amulet of invisibility (around neck) {+Inv}
   (You found it in the Dungeon)

   [amulet of nothing]

   It lets you turn invisible.
Scrolls
 j - a scroll of blinking
 o - a scroll of magic mapping {unknown}
Potions
 i - 2 potions of cure mutation
 l - a potion of mutation {unknown}
Books
 c - a book of Maledictions

   Spells                             Type                      Level
   a - Corona                         Hexes                        1
   b - Ensorcelled Hibernation        Hexes/Ice                    2
   c - Confuse                        Hexes                        3
   d - Tukima's Dance                 Hexes                        3
   e - Dazzling Spray                 Conjuration/Hexes            3
 h - the Handbook of Supportive Transmutation
   (You found it in the Dungeon)

   Spells                             Type                      Level
   a - Summon Butterflies             Summoning                    1
   b - Beastly Appendage              Transmutation                1
   c - Passwall                       Transmutation/Earth          2
   d - Summon Forest                  Summoning/Translocation      5
   e - Blade Hands                    Transmutation                5
   f - Shadow Creatures               Summoning                    6
 m - a book of Debilitation

   Spells                             Type                      Level
   a - Corona                         Hexes                        1
   b - Slow                           Hexes                        2
   c - Gell's Gravitas                Hexes/Translocation          3
   d - Inner Flame                    Hexes/Fire                   3
   e - Cause Fear                     Hexes                        4
   f - Leda's Liquefaction            Hexes/Earth                  4
Comestibles
 d - a bread ration
 f - 3 royal jellies


   Skills:
 + Level 6.9 Short Blades
 + Level 13.2 Dodging
 + Level 19.0 Stealth
 + Level 11.3 Spellcasting
 + Level 2.1 Conjurations
 + Level 12.9 Hexes
 + Level 5.9 Evocations


You had 12 spell levels left.
You knew the following spells:

 Your Spells              Type           Power        Failure   Level  Hunger
a - Corona                Hex            ######.      1%          1    None
b - Ensorcelled Hibernat  Hex/Ice        ####..       1%          2    None
c - Confuse               Hex            ######..     1%          3    None
d - Tukima's Dance        Hex            ######..     1%          3    None
e - Dazzling Spray        Conj/Hex       #####.       1%          3    None
f - Slow                  Hex            ######..     1%          2    None
g - Cause Fear            Hex            ######....   1%          4    ##.....


Dungeon Overview and Level Annotations

Branches:
Dungeon (1/1)

Altars:
Cheibriados
Dithmenos
Elyvilon
Gozag
Hepliaklqana
Kikubaaqudgha
Makhleb
Nemelex Xobeh
Okawaru
Qazlal
Ru
Sif Muna
Trog
Uskayaw
Vehumet
Xom
Yredelemnul
Zin
The Shining One
Beogh
Jiyva
Lugonu

Shops:
D *([:[

Annotations:
D Agnes


Innate Abilities, Weirdness & Mutations

You are tiny and cannot use many weapons and most armour.
You have supernaturally acute eyesight. (SInv)
You are a herbivore.
You cover ground extremely quickly.
You need consume almost no food.


Message History

Confirm with . or Enter, or press ? or * to list all spells.
Aiming: Ensorcelled Hibernation
Press: ? - help, Shift-Dir - straight line, f/p - Agnes
Aim: Agnes, wielding a lajatang and wearing a robe (umbra, chance to defeat MR: 5%) Agnes resists with almost no effort.
Agnes hits you with a lajatang!!
You emit a cloud of dark smoke.
Agnes closely misses you.
Casting: Ensorcelled Hibernation
Confirm with . or Enter, or press ? or * to list all spells.
Aiming: Ensorcelled Hibernation
Press: ? - help, Shift-Dir - straight line, f/p - Agnes
Aim: Agnes, wielding a lajatang and wearing a robe (black smoke, umbra, chance to defeat MR: 5%) Agnes resists with almost no effort.
Your shadow mimicks your spell!
Agnes resists with almost no effort.
Agnes hits you with a lajatang!
* * * LOW HITPOINT WARNING * * *
You emit a cloud of dark smoke.
Agnes closely misses you.
There is an open door here.
You feel yourself speed up. Agnes hits you with a lajatang!
You die...

################################
..#.⌠._._._._.⌠.#..'.))#.†..##∩#
..'.._._._._._..'..#...#....').#
..#..._._._._...#..###'##...##∩#
'##.._._._._._..#.(##∩∩.'...####
..#.⌠._._._._.⌠.#############
..##################
###♣♣♣♣♣..♣.###.@..+
.'......♣..♣##..#i§#
.#♣..♣♣♣.♣).###.##§#
.#.♣♣.%♣...♣'...#♣§♣ ###
############§§§..# ..♣..♣....#
.i.♣.... .♣.. ..... ♣.... ∩.
#### ###### ##


You could see Agnes.

Vanquished Creatures
  A spriggan druid (D)
  3 oklob plants (D)
  3 wandering mushrooms (D)
  A queen bee (D)
  3 burning bushes (D)
  2 scorpions (D)
  4 killer bees (D)
  5 oklob saplings (D)
  A worker ant (D)
  2 spriggans (D)
  A river rat (D)
  A rat (D)
  A giant spore (D)
28 creatures vanquished.

Notes
Turn   | Place    | Note
-------+----------+-------------------------------------------
     0 | D        | poirepourri the Spriggan Enchanter began the quest for the Orb.
     0 | D        | Reached XP level 1. HP: 9/9 MP: 5/5
    13 | D        | Reached skill level 7 in Stealth
    13 | D        | Reached XP level 2. HP: 6/13 MP: 4/6
   226 | D        | Learned a level 2 spell: Ensorcelled Hibernation
   419 | D        | Noticed an oklob sapling
   421 | D        | Killed an oklob sapling
   421 | D        | Reached skill level 8 in Stealth
   421 | D        | Reached skill level 5 in Hexes
   421 | D        | Reached XP level 3. HP: 16/16 MP: 6/8
   431 | D        | Reached skill level 5 in Dodging
   431 | D        | Reached skill level 9 in Stealth
   477 | D        | Found an opulent altar of Gozag.
   477 | D        | Found a hazy altar of Hepliaklqana.
   477 | D        | Found a burning altar of Makhleb.
   477 | D        | Found a sparkling altar of Nemelex Xobeh.
   477 | D        | Found a sacrificial altar of Ru.
   477 | D        | Found a deep blue altar of Sif Muna.
   477 | D        | Found a shimmering altar of Xom.
   477 | D        | Found a basalt altar of Yredelemnul.
   478 | D        | Found a viscous altar of Jiyva.
   478 | D        | Found a roughly hewn altar of Beogh.
   478 | D        | Found a snail-covered altar of Cheibriados.
   478 | D        | Found a bloodstained altar of Trog.
   478 | D        | Noticed an oklob sapling priest
   479 | D        | Found an iron altar of Okawaru.
   479 | D        | Found a shadowy altar of Dithmenos.
   479 | D        | Found a glowing silver altar of Zin.
   480 | D        | Found an ancient bone altar of Kikubaaqudgha.
   480 | D        | Found a hide-covered altar of Uskayaw.
   481 | D        | Found a stormy altar of Qazlal.
   481 | D        | Found a white marble altar of Elyvilon.
   481 | D        | Found a glowing golden altar of the Shining One.
   482 | D        | Found a corrupted altar of Lugonu.
   482 | D        | Found a radiant altar of Vehumet.
   485 | D        | Killed an oklob sapling priest
   485 | D        | Reached skill level 10 in Stealth
   485 | D        | Reached XP level 4. HP: 21/21 MP: 11/11
   494 | D        | Became a worshipper of Dithmenos the Shadowed
   503 | D        | Reached skill level 11 in Stealth
   503 | D        | Reached XP level 5. HP: 24/24 MP: 11/13
   510 | D        | Reached skill level 1 in Evocations
   512 | D        | Reached * piety under Dithmenos
   512 | D        | Reached skill level 5 in Spellcasting
   513 | D        | Reached skill level 12 in Stealth
   606 | D        | Found Lueqeuxt's Weapon Shop.
   606 | D        | Found Cufij's Assorted Antiques.
   618 | D        | Learned a level 3 spell: Confuse
   622 | D        | Learned a level 3 spell: Tukima's Dance
   626 | D        | Learned a level 3 spell: Dazzling Spray
   627 | D        | Noticed a burning bush
   627 | D        | Noticed a wandering mushroom
   628 | D        | Noticed a wandering mushroom
   632 | D        | Killed a wandering mushroom
   632 | D        | Reached skill level 14 in Stealth
   632 | D        | Reached XP level 6. HP: 13/28 MP: 12/16
   634 | D        | Reached ** piety under Dithmenos
   634 | D        | Reached XP level 7. HP: 15/32 MP: 12/17
   636 | D        | Killed a wandering mushroom
   636 | D        | Reached skill level 10 in Dodging
   636 | D        | Reached skill level 15 in Stealth
   636 | D        | Reached skill level 10 in Hexes
   642 | D        | Killed a burning bush
   642 | D        | Reached skill level 5 in Short Blades
   805 | D        | Found Kewyleimn's Antique Armour Emporium.
   805 | D        | Found Mubuvien's Book Shoppe.
   854 | D        | Reached *** piety under Dithmenos
   854 | D        | Reached skill level 16 in Stealth
   854 | D        | Reached skill level 5 in Evocations
   967 | D        | Noticed a queen bee
   972 | D        | Reached XP level 8. HP: 28/36 MP: 14/19
  1008 | D        | Reached **** piety under Dithmenos
  1020 | D        | Killed a queen bee
  1150 | D        | Noticed an oklob plant
  1153 | D        | Killed an oklob plant
  1153 | D        | Reached skill level 17 in Stealth
  1153 | D        | Reached skill level 1 in Conjurations
  1169 | D        | Noticed a burning bush
  1173 | D        | Killed a burning bush
  1173 | D        | Reached XP level 9. HP: 39/39 MP: 23/23
  1295 | D        | Noticed a burning bush
  1295 | D        | Noticed an oklob plant
  1512 | D        | Noticed a wandering mushroom
  1519 | D        | Killed a burning bush
  1519 | D        | Reached ***** piety under Dithmenos
  1519 | D        | Reached skill level 10 in Spellcasting
  1526 | D        | Killed an oklob plant
  1526 | D        | Reached skill level 18 in Stealth
  1534 | D        | Killed a wandering mushroom
  1536 | D        | Identified the Handbook of Supportive Transmutation
  1558 | D        | Noticed a spriggan druid
  1559 | D        | Killed a spriggan druid
  1575 | D        | Noticed an oklob plant conjurer
  1577 | D        | Killed an oklob plant conjurer
  1577 | D        | Reached skill level 19 in Stealth
  1589 | D        | Learned a level 2 spell: Slow
  1594 | D        | Learned a level 4 spell: Cause Fear
  1781 | D        | Noticed Agnes
  1783 | D        | Found Jyth's Armour Emporium.
  1783 | D        | Noticed a spriggan berserker
  1792 | D        | Mangled by Agnes

Vault maps used:
D:        dungeon_sprint_fedhas

Skill      XL: |  1  2  3  4  5  6  7  8  9 |
---------------+----------------------------+-----
Stealth        | 7 8 10 11 14 16 17 19 | 19.0
Dodging        | 4 6 9 10 12 13 | 13.2
Spellcasting   | 3 4 6 7 9 11 | 11.3
Hexes          | 5 6 7 9 10 11 12 | 12.9
Short Blades   | 2 3 5 6 |  6.9
Evocations     | 3 5 |  5.9
Conjurations   | 1 2 |  2.1

Action                   |  1- 3 |  4- 6 |  7- 9 || total
-------------------------+-------+-------+-------++-------
Melee: Dagger            |    10 |     6 |    34 ||    50
 Cast: Corona            |     1 |       |       ||     1
       Ensorcelled Hiber |     1 |       |    13 ||    14
       Confuse           |       |       |     6 ||     6
       Dazzling Spray    |       |       |     8 ||     8
 Abil: Evoke Invisibilit |       |     2 |     1 ||     3
  Use: Potion            |     1 |       |     5 ||     6
       Scroll            |     2 |       |     1 ||     3
 Stab: Sleeping          |     3 |     6 |    10 ||    19
       Confused          |       |       |     4 ||     4
       Invisible         |       |       |     4 ||     4
  Eat: Bread ration      |       |       |     1 ||     1
Armor: Robe              |     2 |       |     3 ||     5
Dodge: Dodged            |     2 |       |    83 ||    85
